Map: New Repugnancy LE

Players

PiG - Winner!

  • Race: Protoss Protoss
  • League: Grandmaster
  • Spawn Location: 7:00

llllllllllll

  • Race: Zerg Zerg
  • Spawn Location: 1:00

VOD

Have the link to the VOD?

Description

Time

  • Played on: July 6, 2019, 5:44 p.m.
  • Length: 8:01
Show
View Real Time Build Order
Export as new Build Order

PiG Protoss - Winner!

Build Orders: 1 Gate Expand 

Get SALT Encoding   

  12  0:01  Probe  
  13  0:13  Probe  
  14  0:20  Pylon  
  14  0:25  Probe  
  15  0:34  Probe  
  16  0:42  Probe  
  16  0:49  Gateway  
  17  0:52  Probe  
  17  0:56  Assimilator  
  18  1:04  Probe  
  19  1:16  Probe  
  20  1:28  Nexus  
  20  1:37  Cybernetics Core  
  20  1:42  Probe  
  20  1:45  Assimilator  
  21  1:54  Pylon  
  21  1:55  Probe  
  22  2:05  Adept  
  22  2:07  Probe  
  25  2:19  Robotics Facility  
  25  2:21  Probe  
  26  2:27  Warp Gate  
  26  2:28  Stalker  
  26  2:33  Probe  
  26  2:36  Probe  
  30  2:45  Probe  
  30  2:46  Probe  
  32  2:57  Probe x2  
  33  3:02  Warp Prism  
  34  3:05  Twilight Council  
  34  3:11  Probe x2  
  36  3:28  Pylon, Immortal  
  36  3:33  Charge, Zealot  
  42  3:51  Assimilator  
  42  4:06  Gateway  
  42  4:09  Gateway  
  42  4:10  Immortal  
  42  4:12  Gateway  
  42  4:14  Gateway  
  42  4:17  Gateway  
  46  4:26  Gateway  
  46  4:33  Gateway  
  46  4:35  Pylon  
  46  4:49  Pylon  
  46  4:51  Pylon  
  46  4:53  Pylon  
  46  4:58  Zealot  
  48  5:10  Zealot x2  
  48  5:11  Zealot x3  
  58  5:19  Zealot  
  60  5:34  Zealot x7, Warp Prism  
  64  5:51  Zealot  
  44  6:07  Zealot x7  
  58  6:13  Zealot  
  60  6:26  Pylon  
  60  6:27  Pylon  
  60  6:29  Pylon  
  60  6:31  Zealot x4  
  68  6:34  Zealot  
  70  6:53  Zealot x5  
  78  7:06  Zealot x3  
  82  7:21  Zealot x5  
  84  7:37  Zealot x3  
  86  7:52  Zealot x5  
Show
View Real Time Build Order
Export as new Build Order

llllllllllll Zerg 

Build Orders: Hatch First 

Get SALT Encoding   

  12  0:00  Drone  
  13  0:13  Overlord  
  13  0:18  Drone  
  14  0:31  Drone  
  15  0:45  Hatchery  
  15  0:48  Drone  
  15  0:53  Drone  
  15  0:56  Drone  
  17  1:00  Drone  
  18  1:10  Extractor  
  17  1:15  Spawning Pool  
  17  1:18  Drone  
  17  1:21  Drone  
  18  1:31  Drone  
  19  1:41  Overlord  
  19  1:53  Drone  
  20  2:02  Queen x2  
  20  2:03  Zergling x2  
  20  2:04  Zergling x2  
  26  2:18  Drone x2  
  28  2:24  Hatchery  
  27  2:34  Zergling x2  
  28  2:38  Queen  
  28  2:42  Queen  
  32  2:45  Drone  
  32  2:48  Drone  
  34  2:53  Metabolic Boost  
  34  2:58  Overlord  
  34  3:02  Drone  
  35  3:11  Drone  
  35  3:12  Drone  
  35  3:16  Drone  
  35  3:17  Drone x3  
  39  3:25  Queen  
  41  3:28  Overlord  
  41  3:33  Overlord  
  41  3:40  Drone x3  
  44  3:53  Drone  
  44  3:54  Drone x2  
  44  3:55  Drone x2  
  49  3:57  Extractor  
  49  3:58  Drone x2  
  49  4:00  Drone, Roach Warren  
  50  4:07  Spore Crawler  
  50  4:08  Spore Crawler  
  48  4:11  Spore Crawler  
  48  4:16  Zergling x8  
  51  4:22  Overlord  
  51  4:24  Overlord  
  51  4:41  Roach x5  
  59  4:49  Roach x2  
  63  4:54  Roach  
  63  4:55  Overlord x2  
  63  4:58  Roach  
  67  5:00  Roach  
  67  5:02  Zergling x4  
  73  5:07  Roach  
  73  5:08  Zergling x2  
  73  5:13  Roach  
  76  5:14  Roach  
  76  5:15  Zergling x2  
  76  5:16  Zergling x2  
  76  5:19  Overlord  
  80  5:21  Overlord  
  78  5:36  Roach x4  
  78  5:37  Zergling x4  
  81  5:45  Roach x2  
  77  5:52  Roach  
  77  5:53  Roach  
  71  5:58  Roach  
  71  6:00  Roach  
  71  6:02  Zergling x6  
  70  6:10  Drone x2  
  70  6:11  Drone x2  
  73  6:15  Extractor  
  73  6:16  Drone x2  
  75  6:19  Drone  
  75  6:23  Roach x2  
  75  6:25  Ravager  
  81  6:27  Zergling x2  
  81  6:29  Zergling x2  
  81  6:30  Zergling x2  
  84  6:35  Zergling x2  
  84  6:37  Ravager  
  86  6:42  Zergling x4  
  86  6:43  Queen  
  86  6:44  Zergling x2  
  86  6:56  Roach x3  
  86  6:57  Zergling x6  
  86  7:00  Zergling x2  
  89  7:07  Zergling x10  
  84  7:17  Zergling x4  
  82  7:26  Roach x4  
  82  7:42  Roach x7  
Tags
 
Add a new tag
Caveats
  • Supply blocks, unpowered buildings, or Contaminate may cause inaccurate times.
  • Supply counts are checked every 10 seconds.